 Dungeon Crawl Stone Soup version 0.31-a0-1-g4198be8af4 (webtiles) character file.

Game seed: 6515368270288245876

199 Jase the Digger (level 5, -6/28 HPs)
             Began as a Gargoyle Earth Elementalist on May 1, 2023.
             Mangled by an ice beast (7 damage)
             ... on level 4 of the Dungeon.
             The game lasted 00:07:27 (2480 turns).

Jase the Digger (Gargoyle Earth Elementalist)       Turns: 2480, Time: 00:07:27

Health: -6/28      AC:  8    Str: 12    XL:     5   Next: 77%
Magic:  11/17      EV: 11    Int: 17    God:
Gold:   237        SH:  0    Dex: 10    Spells: 2/8 levels left

rFire   + . .        k - +2 dagger (venom)
rCold   . . .        (no shield)
rNeg    + . .        r - +1 robe {rF+}
rPois   ∞            (no helmet)
rElec   +            (no cloak)
rCorr   .            q - +0 pair of gloves
SInv    .            (no boots)
Will    .....        (no amulet)
Stlth   ++           h - ring of magical power
HPRegen 0.24/turn    (no ring)
MPRegen 0.15/turn

%: no passive effects
@: very slightly contaminated
A: sickness immunity, AC +4, negative energy resistance 1, electricity
resistance, torment resistance 1, petrification resistance
a: no special abilities


You were on level 4 of the Dungeon.
You visited 1 branch of the dungeon, and saw 4 of its levels.

You collected 237 gold pieces.

Inventory:

Hand Weapons
 k - a +2 dagger of venom (weapon)
Missiles
 o - 4 poisoned darts
Armour
 q - a +0 pair of gloves (worn)
 r - a +1 robe of fire resistance (worn)
Jewellery
 h - a ring of magical power (left hand)
Scrolls
 a - 2 scrolls of magic mapping {unknown}
 c - 2 scrolls of identify {unknown}
 d - 2 scrolls of acquirement {unknown}
 e - a scroll of immolation {unknown}
 f - 2 scrolls of enchant weapon {unknown}
 g - 2 scrolls of vulnerability {unknown}
 l - a scroll of amnesia {unknown}
 m - a scroll of noise {unknown}
 p - a scroll of teleportation {unknown}
 s - a scroll of blinking {unknown}
Potions
 b - 2 potions of magic
 i - a potion of ambrosia {unknown}
 j - a potion of attraction {unknown}
 n - a potion of cancellation {unknown}


   Skills:
 - Level 1.5 Dodging
 - Level 2.1 Stealth
 - Level 2.0 Spellcasting
 + Level 2.1 Conjurations
 - Level 1.0 Transmutations
 * Level 7.0 Earth Magic


You had 2 spell levels left.
You knew the following spells:

 Your Spells              Type           Power      Damage    Failure   Level
a - Sandblast             Erth           50%        2d12      1%          1
b - Passwall              Tmut/Erth      12%        N/A       5%          2
c - Stone Arrow           Conj/Erth      34%        3d9       9%          3

Your spell library contained the following spells:

 Spells                   Type           Power      Damage    Failure   Level
 Petrify                  Tmut/Erth      15%        N/A       36%         4


Dungeon Overview and Level Annotations

Branches:
Dungeon (4/15)
 Temple: D:4-7

Altars:

Annotations:
D:2 Sigmund
D:3 1 runed translucent door, fozzywoppz's ghost, amateur SpEn


Innate Abilities, Weirdness & Mutations

You are immune to sickness and miasma.
Your stone body is resilient. (AC +4)
You are immune to poison.
You resist negative energy. (rN+)
You are resistant to electric shocks. (rElec)
You are resistant to unholy torment.
You are immune to petrification.


Message History

Found a sling.
The blast of sand misses the ice beast.
The ice beast hits you but does no damage.
The blast of sand hits the ice beast!
The ice beast is moderately wounded.
The ice beast closely misses you.
The ice beast hits you but does no damage.
You miscast Sandblast.
You are very lightly contaminated with residual magic.
Nothing appears to happen.
The ice beast hits you but does no damage.
The blast of sand hits the ice beast.
The ice beast is heavily wounded.
The ice beast hits you. The ice beast freezes you!
The blast of sand misses the ice beast.
The ice beast hits you. The ice beast freezes you!
Ouch! That really hurt!
* * * LOW HITPOINT WARNING * * *
The ice beast misses you.
Unknown command.
Casting: Sandblast (safe; 1% risk of failure)
Confirm with . or Enter, or press ? or * to list all spells.
Aiming: Sandblast (safe; 1% risk of failure)
Press: ? - help, Shift-Dir - straight line, f/p - ice beast
Aim: an ice beast (heavily wounded, 83% to hit)
The blast of sand hits the ice beast!
The ice beast is severely wounded.
The ice beast closely misses you.
Unknown command.
Casting: Sandblast (safe; 1% risk of failure)
Confirm with . or Enter, or press ? or * to list all spells.
Aiming: Sandblast (safe; 1% risk of failure)
Press: ? - help, Shift-Dir - straight line, f/p - ice beast
Aim: an ice beast (severely wounded, 83% to hit)
The blast of sand hits the ice beast but does no damage.
The ice beast is severely wounded.
The ice beast hits you.
* * * LOW HITPOINT WARNING * * *
The ice beast freezes you!
You die...

.#...#. #.#. ...#.#
#.#.#. #.#
#.#...#.#.#.#.#. ....
....#.#.#.#.#.##
#.#$#.#..#.#.#.#.#.#
......#.#.#.#.#.##
#.#.#.#.#.#.#.#.#.#.#
.......@...#.#.#.#.#
.#)#.#Y#.#..#.#.#.#
.......#....#.# .
#.#.#.#.###....# .
............#...##
.#.#.#.#.....#.#..#####
..........#.#......##
#.#.#......#.#......#.
.$.#.....#.#.#....#.


You could see an ice beast.

Vanquished Creatures
  2 orc wizards (D:4)
  2 adders
  4 gnolls (D:3)
  2 worms (D:3)
  3 dart slugs
  4 orcs
  8 endoplasms
  4 giant cockroaches
  11 goblins
  6 hobgoblins
  2 jackals (D:1)
  7 kobolds
  2 quokkas (D:2)
  4 ball pythons
  3 bats (D:1)
  2 frilled lizards (D:2)
  6 rats
72 creatures vanquished.

Vanquished Creatures (others)
  A plant (D:2)
1 creature vanquished.

Grand Total: 73 creatures vanquished

Notes
Turn   | Place    | Note
-------+----------+-------------------------------------------
     0 | D:1      | Jase the Gargoyle Earth Elementalist began the quest for
                  | the Orb.
     0 | D:1      | Reached XP level 1. HP: 10/10 MP: 3/3
     9 | D:1      | Reached skill level 1 in Transmutations
   118 | D:1      | Reached skill level 4 in Earth Magic
   169 | D:1      | Reached XP level 2. HP: 15/15 MP: 3/5
   213 | D:1      | Learned a level 2 spell: Passwall
   933 | D:1      | Reached XP level 3. HP: 19/19 MP: 6/6
   984 | D:2      | Noticed Sigmund
  1044 | D:2      | Reached skill level 5 in Earth Magic
  1393 | D:2      | Reached XP level 4. HP: 24/24 MP: 7/7
  1397 | D:2      | Learned a level 3 spell: Stone Arrow
  1613 | D:3      | Noticed fozzywoppz's ghost (amateur SpEn)
  1614 | D:3      | Found a runed translucent door.
  1674 | D:3      | Reached skill level 6 in Earth Magic
  1761 | D:3      | Reached skill level 1 in Conjurations
  1769 | D:3      | Reached XP level 5. HP: 25/28 MP: 6/8
  2411 | D:4      | Reached skill level 7 in Earth Magic
  2465 | D:4      | Noticed an ice beast
  2480 | D:4      | HP: 1/28 [ice beast (1)]
  2480 | D:4      | Mangled by an ice beast

Illustrated notes

Levels and vault maps discovered:
D:1:      minmay_arrival_semitransparent, layout_basic, serial_curves,
          eino_curves_04, eino_curves_04
D:2:      layout_rooms, hangedman_decor_clover_reticule, serial_bayou_pond_b,
          minmay_hexomino_p4, uniq_sigmund
D:3:      layout_rooms, hellmonk_ghost_happy_afterlife,
          kennysheep_generic_room_5
D:4:      layout_basic, hex_medium

Skill      XL: |  1  2  3  4  5 |
---------------+----------------+-----
Transmutations | 1 |  1.0
Earth Magic    | 4 5 6 7 |  7.0
Conjurations   | 1 2 |  2.1
Dodging        | |  1.5
Stealth        | |  2.1
Spellcasting   | |  2.0

Action                     |  1- 3 |  4- 6 || total
---------------------------+-------+-------++-------
  Melee: Unarmed           |     6 |       ||     6
         Short sword       |     1 |       ||     1
         Dagger            |       |     4 ||     4
   Cast: Sandblast         |    70 |    55 ||   125
   Stab: Sleeping          |     1 |       ||     1
 Armour: Robe              |    10 |     5 ||    15
  Dodge: Dodged            |    35 |    16 ||    51

Table legend: (Time is in decaauts)
 A = Elapsed time spent in this place.
 B = Non-inter-level travel time spent in this place.
 C = Inter-level travel time spent in this place.
 D = Time resting spent in this place.
 E = Time spent auto-exploring this place.
 F = Levels seen in this place.
 G = Mean time per level.
                   A        B        C        D        E       F      G
               +--------+--------+--------+--------+--------+-----+--------+
         Total |   2541 |   2301 |    240 |    315 |   1488 |   4 |  635.2 |
       Dungeon |   2541 |   2301 |    240 |    315 |   1488 |   4 |  635.2 |
               +--------+--------+--------+--------+--------+-----+--------+

Top non-repeatable levels by time:
     D:1: 1121 daAuts
     D:3: 750 daAuts
     D:2: 478 daAuts
     D:4: 190 daAuts
